 Dungeon Crawl Stone Soup version 0.30-a0-474-g5673dd7ce6 (webtiles) character file.

Game seed: 9514148661134020158

51 GenialerGandalf the Trooper (level 3, -5/33 HPs)
             Began as a Hill Orc Fighter on Dec 20, 2022.
             Killed from afar by a white imp (9 damage)
             ... with a puff of frost
             ... summoned by Natasha
             ... on level 2 of the Dungeon.
             The game lasted 00:04:15 (1021 turns).

GenialerGandalf the Trooper (Hill Orc Fighter)      Turns: 1021, Time: 00:04:15

Health: -5/33      AC:  0    Str: 20    XL:     3   Next: 81%
Magic:  3/3        EV: 13    Int:  8    God:
Gold:   78         SH:  0    Dex: 10    Spells: 2/2 levels left

rFire   . . .      SeeInvis .    (weapon currently unavailable)
rCold   . . .      Faith    .    (shield currently unavailable)
rNeg    . . .      Spirit   .    (body armour currently unavailable)
rPois   .          Reflect  .    (helmet currently unavailable)
rElec   .          Harm     .    (cloak currently unavailable)
rCorr   .          Rampage  .    (gloves currently unavailable)
Will    .....                    (boots currently unavailable)
Stlth   +.........               (no amulet)
HPRegen 0.25/turn                (ring currently unavailable)
MPRegen 0.08/turn                (ring currently unavailable)

@: pig-form, very quick
A: fast, no casting, small
a: no special abilities


You were on level 2 of the Dungeon.
You were a filthy swine.
You visited 1 branch of the dungeon, and saw 2 of its levels.

You collected 78 gold pieces.

Inventory:

Hand Weapons
 a - a +0 war axe (melded)
Armour
 b - a +0 scale mail (melded)
 c - a +0 buckler (melded)
Scrolls
 e - a scroll of teleportation {unknown}
Potions
 d - a potion of might
 f - a potion of resistance {unknown}
 g - a potion of attraction {unknown}
 h - a potion of curing {unknown}


   Skills:
 * Level 4.3 Fighting
 * Level 3.8 Axes
 * Level 3.6 Armour
 * Level 3.6 Shields


You had 2 spell levels left.
You didn't know any spells.
Your spell library contained the following spells:

 Spells                   Type           Power      Damage    Failure   Level
 Call Canine Familiar     Summ           0%         N/A       78%         3
 Portal Projectile        Hex/Tloc       0%         N/A       78%         3
 Leda's Liquefaction      Hex/Erth       0%         N/A       99%         4


Dungeon Overview and Level Annotations

Branches:
Dungeon (2/15)

Altars:

Annotations:
D:2 Natasha


Message History

Natasha is heavily wounded.
Natasha closely misses you.
You hit Natasha but do no damage.
Natasha is heavily wounded.
Natasha zaps a wand.
You turn into a filthy swine.
Your +0 war axe melds into your body.
Your +0 buckler melds into your body.
Your +0 scale mail melds into your body.
Natasha mumbles some strange words.
You hit Natasha.
Natasha is almost dead.
Natasha barely misses you.
You hit Natasha but do no damage.
Natasha is almost dead.
Natasha stares at you and mumbles some strange words.
You resist with significant effort. The white imp gestures at you.
The puff of frost hits you!
You hit Natasha but do no damage.
Natasha is severely wounded.
Natasha claws you! The white imp misses you.
You are too injured to fight recklessly!
You are too injured to fight recklessly!
You are too injured to fight recklessly!
You are too injured to fight recklessly!
You are too injured to fight recklessly!
You hit Natasha.
Natasha is almost dead.
Natasha claws you.
You hit Natasha but do no damage.
Natasha is almost dead.
The white imp hits you.
* * * LOW HITPOINT WARNING * * *
The white imp freezes you.
* * * LOW HITPOINT WARNING * * *
Natasha barely misses you.
You hit Natasha.
Natasha is almost dead.
The white imp gestures at you. The puff of frost hits you!
You die...

.#.### .#.# ..# .#.# #
#.# .#.# #.#.# # #+##
...# #.#.##. #...# .###
..... #..... .# ##.##
#......
.#########†..####.......
........<.......h5......
.#########...####h......
.# ##.## #...... .# #.#
#..... .# #.# #...# .#
#.# ...# .# ... ..# ##
#.. .#


You could see Natasha and a white imp (summoned).

Vanquished Creatures
  Natasha (D:2)
  An endoplasm (D:1)
  3 goblins
  A hobgoblin (D:2)
  3 jackals (D:2)
  5 kobolds
  A quokka (D:1)
  2 ball pythons (D:1)
  3 bats (D:1)
  4 frilled lizards
  3 rats
27 creatures vanquished.

Notes
Turn   | Place    | Note
-------+----------+-------------------------------------------
     0 | D:1      | GenialerGandalf the Hill Orc Fighter began the quest for
                  | the Orb.
     0 | D:1      | Reached XP level 1. HP: 19/19 MP: 1/1
   170 | D:1      | Reached skill level 4 in Fighting
   179 | D:1      | Reached XP level 2. HP: 21/27 MP: 2/2
   865 | D:2      | Noticed Natasha
   868 | D:2      | Reached XP level 3. HP: 30/33 MP: 3/3
   873 | D:2      | Killed Natasha
  1012 | D:2      | Noticed Natasha
  1021 | D:2      | Killed from afar by a white imp

Illustrated notes

Levels and vault maps discovered:
D:1:      minmay_arrival_doors, layout_loops_cross
D:2:      layout_loops_corners, basic_altar, uniq_natasha

Skill      XL: |  1  2 |
---------------+-------+-----
Fighting       | 4 |  4.3
Axes           | 3 |  3.8
Armour         | |  3.6
Shields        | |  3.6

Action                   || total
-------------------------++-------
Melee: War axe           ||    74
       Unarmed           ||    13
Armor: Scale mail        ||    40
Dodge: Dodged            ||    39
Block: Buckler           ||    23

Table legend: (Time is in decaauts)
 A = Elapsed time spent in this place.
 B = Non-inter-level travel time spent in this place.
 C = Inter-level travel time spent in this place.
 D = Time resting spent in this place.
 E = Time spent auto-exploring this place.
 F = Levels seen in this place.
 G = Mean time per level.
                   A        B        C        D        E       F      G
               +--------+--------+--------+--------+--------+-----+--------+
         Total |   1050 |   1024 |     26 |      0 |    697 |   2 |  525.0 |
       Dungeon |   1050 |   1024 |     26 |      0 |    697 |   2 |  525.0 |
               +--------+--------+--------+--------+--------+-----+--------+

Top non-repeatable levels by time:
     D:1: 803 daAuts
     D:2: 247 daAuts
